 Dungeon Crawl Stone Soup version 0.27-a0-1347-gd8886f0a89 (webtiles) character file.

Game seed: 3981115267355899035

1077 funkygono the Gusty (level 8, -14/43 HPs)
             Began as a Tengu Air Elementalist on June 27, 2021.
             Demolished by a hornet (15 damage)
             ... on level 6 of the Dungeon.
             The game lasted 00:08:15 (6179 turns).

funkygono the Gusty (Tengu Air Elementalist)        Turns: 6179, Time: 00:08:16

Health: -14/43     AC:  3    Str:  8    XL:     8   Next: 29%
Magic:  7/16       EV: 16    Int: 18    God:
Gold:   144        SH:  0    Dex: 15    Spells: 2/17 levels left

rFire    . . .     SeeInvis .   t - +2 flail (protect)
rCold    . . .     Faith    .   (no shield)
rNeg     . . .     Spirit   .   a - +0 robe
rPois    .         Reflect  .   (helmet restricted)
rElec    .         Harm     .   p - +0 cloak
rCorr    .         Rampage  .   (no gloves)
Will     .....                  (boots unavailable)
Stlth    ++........             (no amulet)
HPRegen  0.14/turn              (no ring)
MPRegen  0.15/turn              (no ring)

@: lethally poisoned (-14 -> -19), flying quickly and evasively, slowed, very
slow
A: beak, talons 3, nimble flight
a: no special abilities


You were on level 6 of the Dungeon.
You visited 1 branch of the dungeon, and saw 6 of its levels.

You collected 144 gold pieces.

Inventory:

Hand Weapons
 b - a +0 mace of protection
 c - a +0 dagger
 o - a +4 quarterstaff of chaos
 t - a +2 flail of protection (weapon)
Missiles
 r - 2 curare-tipped darts
Armour
 a - a +0 robe (worn)
 p - a +0 cloak (worn)
Jewellery
 l - an amulet of guardian spirit
Wands
 n - a wand of polymorph (6)
 q - a wand of flame (20)
Scrolls
 s - a scroll of teleportation
Potions
 d - a potion of attraction {unknown}
 e - 2 potions of heal wounds
 f - 2 potions of resistance {unknown}
 g - 2 potions of invisibility {unknown}
 h - a potion of brilliance {unknown}
 i - 4 potions of curing {unknown}
 j - a potion of berserk rage {unknown}


   Skills:
 + Level 1.5 Fighting
 + Level 3.3 Maces & Flails
 + Level 3.8 Dodging
 - Level 2.0 Stealth
 + Level 5.1 Spellcasting
 + Level 6.0 Conjurations
 + Level 6.9 Air Magic


You had 2 spell levels left.
You knew the following spells:

 Your Spells              Type           Power      Damage    Failure   Level
a - Shock                 Conj/Air       100%       1d9       1%          1
b - Static Discharge      Conj/Air       27%        N/A       1%          2
c - Swiftness             Air            29%        N/A       2%          3
d - Airstrike             Air            14%        N/A       8%          4
e - Lightning Bolt        Conj/Air       13%        1d27      26%         5

Your spell library contained the following spells:

 Spells                   Type           Power      Damage    Failure   Level
 Magic Dart               Conj           100%       1d8       1%          1
 Searing Ray              Conj           52%        3d5       1%          2
 Dazzling Flash           Conj/Hex       30%        N/A       12%         3
 Fulminant Prism          Conj/Hex       7%         3d7       36%         4
 Iskenderun's Mystic Bla  Conj/Tloc      15%        2d5       36%         4


Dungeon Overview and Level Annotations

Branches:
Dungeon (6/15)             Temple (0/1) D:6

Altars:

Shops:
D:2 *   D:3 *


Innate Abilities, Weirdness & Mutations

You have a beak for a mouth.
You have claws for feet.
Your magical nature lets you fly swiftly and evasively.


Message History

You feel very sick. The hornet misses you. The hornet barely misses you.
The hornet closely misses you.
You hit the hornet but do no damage.
Your weapon exudes an aura of protection.
Your peck misses the hornet.
The hornet is moderately wounded.
You feel yourself speed up.
You feel very sick. The hornet closely misses you. The hornet stings you!
You feel yourself slow down. The hornet completely misses you.
Casting: Shock (safe; 1% risk of failure)
Confirm with . or Enter, or press ? or * to list all spells.
The hornet is struck by an arc of lightning.
The hornet is heavily wounded.
The iguana is struck by an arc of lightning!
The iguana is heavily wounded.
The hornet is struck by an arc of lightning.
The hornet is heavily wounded.
The lightning grounds out.
You feel yourself speed up.
You feel sick. The hornet stings you!
* * * LOW HITPOINT WARNING * * *
You are lethally poisoned!
You feel yourself slow down. The hornet closely misses you.
Casting: Static Discharge (safe; 1% risk of failure)
Confirm with . or Enter, or press ? or * to list all spells.
Okay, then.
You feel much better.
You feel very sick. The hornet stings you!
* * * LOW HITPOINT WARNING * * *
You feel as though you will be slow longer.
The hornet misses you.
You closely miss the hornet. You claw the hornet, but do no damage.
The hornet is heavily wounded.
* * * LOW HITPOINT WARNING * * *
You feel very sick. The hornet stings you!
You die...

#............#......###
#............#......#
.#............#......#
......###.#..........#
.....................#
.####.#########......#
.....................+
.###......#..........#
#......#.....@##..#
#......#...##y# .##
####'#####... .l. ..
#....# #........ ..
#....# #...#..⌠.. ⌠.
##....#####...#......
............. ...).>..
###......... #...)....
###.........


You could see a hornet and an iguana.

Vanquished Creatures
  An ice beast (D:5)
  4 necrophages
  A water moccasin skeleton (D:4)
  A centaur zombie (D:5)
  A bullfrog zombie (D:5)
  A hound (D:3)
  A jelly (D:5)
  A centaur skeleton (D:6)
  2 bullfrog skeletons
  An orc priest (D:4)
  Crazy Yiuf (D:3)
  4 iguanas
  3 orc wizards
  2 howler monkey skeletons
  5 adders
  A shadow imp (D:3)
  2 adder skeletons (D:4)
  2 dart slugs
  14 orcs
  7 bats
  An endoplasm (D:1)
  2 giant cockroaches
  2 hobgoblins
  2 quokkas
  6 ball pythons
  3 frilled lizards
  3 goblins
  4 kobolds
  5 rats
83 creatures vanquished.

Notes
Turn   | Place    | Note
-------+----------+-------------------------------------------
     0 | D:1      | funkygono the Tengu Air Elementalist began the quest for
                  | the Orb.
     0 | D:1      | Reached XP level 1. HP: 10/10 MP: 4/4
   420 | D:1      | Reached XP level 2. HP: 15/15 MP: 1/6
   485 | D:1      | Learned a level 2 spell: Static Discharge
  1227 | D:1      | Found a faded altar of an unknown god.
  1554 | D:2      | Found Gikitiret's Assorted Antiques.
  1754 | D:2      | Reached XP level 3. HP: 19/19 MP: 4/7
  1758 | D:2      | Learned a level 3 spell: Swiftness
  2049 | D:3      | Found Piaxewupn's General Store.
  2521 | D:3      | Reached XP level 4. HP: 20/24 MP: 5/9
  2524 | D:3      | Reached skill level 5 in Air Magic
  2532 | D:3      | Gained mutation: Your magical nature lets you fly swiftly
                  | and evasively. [Tengu growth]
  2532 | D:3      | Reached XP level 5. HP: 16/28 MP: 0/10
  2537 | D:3      | Learned a level 4 spell: Airstrike
  3244 | D:3      | Found a runed translucent door.
  3245 | D:3      | Noticed Crazy Yiuf
  3252 | D:3      | Killed Crazy Yiuf
  3554 | D:4      | Reached XP level 6. HP: 9/32 MP: 5/12
  3933 | D:4      | Noticed a necrophage
  3942 | D:4      | Killed a necrophage
  4592 | D:5      | Entered Level 5 of the Dungeon
  4601 | D:5      | Reached skill level 1 in Maces & Flails
  4601 | D:5      | Reached skill level 5 in Conjurations
  4601 | D:5      | Reached XP level 7. HP: 29/36 MP: 10/14
  5346 | D:5      | Reached skill level 1 in Fighting
  5951 | D:5      | Learned a level 5 spell: Lightning Bolt
  6000 | D:6      | Reached skill level 5 in Spellcasting
  6000 | D:6      | Reached XP level 8. HP: 41/43 MP: 9/16
  6161 | D:6      | Found a staircase to the Ecumenical Temple.
  6167 | D:6      | Noticed a hornet
  6172 | D:6      | Paralysed by a hornet for 3 turns
  6179 | D:6      | HP: 1/43 [poisoned by a hornet]
  6179 | D:6      | Demolished by a hornet

Illustrated notes

Levels and vault maps discovered:
D:1:      scummos_arrival_star, layout_loops_cross,
          hellmonk_ecumenical_altar_inner_sanctum, serial_bayou_lagoon_b
D:2:      layout_loops_cross, serial_shops, shop
D:3:      layout_rooms, serial_shops, nicolae_diamond_shop, minmay_liquid_box,
          kennysheep_small_spiral, minmay_checkerbox, uniq_crazy_yiuf_cottage
D:4:      layout_rooms, minmay_misc_feat_tiny
D:5:      layout_basic
D:6:      layout_basic, minmay_temple_entry_large_hall, hangedman_decor_lopped,
          uniq_blork_the_orc, uniq_prince_ribbit1

Skill      XL: |  1  2  3  4  5  6  7  8 |
---------------+-------------------------+-----
Conjurations   | 2 3 4 5 6 |  6.0
Spellcasting   | 3 4 5 |  5.1
Air Magic      | 5 6 |  6.9
Dodging        | 3 |  3.8
Maces & Flails | 1 2 3 |  3.3
Fighting       | 1 |  1.5
Stealth        | |  2.0

Action                   |  1- 3 |  4- 6 |  7- 9 || total
-------------------------+-------+-------+-------++-------
Melee: Dagger            |    13 |       |       ||    13
       Kick              |     5 |    10 |     9 ||    24
       Peck              |     2 |     4 |     9 ||    15
       Mace              |     3 |    33 |    26 ||    62
       Flail             |       |       |    21 ||    21
 Cast: Shock             |    61 |    74 |    57 ||   192
       Static Discharge  |       |     8 |     4 ||    12
  Use: Scroll            |     2 |     6 |     2 ||    10
       Potion            |       |       |     1 ||     1
Armor: Robe              |     2 |     7 |    14 ||    23
Dodge: Dodged            |    10 |    32 |    55 ||    97

Table legend: (Time is in decaauts)
 A = Elapsed time spent in this place.
 B = Non-inter-level travel time spent in this place.
 C = Inter-level travel time spent in this place.
 D = Time resting spent in this place.
 E = Time spent auto-exploring this place.
 F = Levels seen in this place.
 G = Mean time per level.
                   A        B        C        D        E       F      G
               +--------+--------+--------+--------+--------+-----+--------+
         Total |   6042 |   5879 |    163 |    166 |   5162 |   6 | 1007.0 |
       Dungeon |   6042 |   5879 |    163 |    166 |   5162 |   6 | 1007.0 |
               +--------+--------+--------+--------+--------+-----+--------+

Top non-repeatable levels by time:
     D:5: 1322 daAuts
     D:3: 1318 daAuts
     D:1: 1295 daAuts
     D:4: 1185 daAuts
     D:2: 724 daAuts
     D:6: 195 daAuts
